 Dungeon Crawl Stone Soup version 0.16-a0-3636-gf0307c9 (webtiles) character file.

88612 MackTheKnife the Severer (level 15, -12/133 HPs)
             Began as a Minotaur Wanderer on Jan 14, 2015.
             Was the Champion of Fedhas.
             Mangled by a white very ugly thing (30 damage)
             ... on level 15 of the Dungeon on Jan 15, 2015.
             The game lasted 01:09:46 (27728 turns).

MackTheKnife the Severer (Minotaur Wanderer)       Turns: 27728, Time: 01:09:47

Health: -12/133    AC: 18    Str: 22    XL:     15   Next: 47%
Magic:  26/26      EV: 18    Int: 10    God:    Fedhas [******]
Gold:   2908       SH:  0    Dex: 20    Spells: 3 memorised, 6 levels left

rFire  . . .     SeeInvis +     a - +8 battleaxe (elec)
rCold  . . .     Clarity  .     P - +3 ring mail of Greod {+Inv +Fly Str+4 Dex+4}
rNeg   + . .     SustAb   .     (no shield)
rPois  +         Gourm    .     o - +2 hat
rElec  .         Spirit   .     Z - +0 cloak "Thrigep" {rPois+ SInv}
rCorr  .         Warding  +     I - +2 pair of gloves
rMut   .         Stasis   .     (no boots)
MR     +....                    O - amulet of warding
Stlth  +.........               L - +2 ring of protection
                                y - +2 ring of dexterity

@: somewhat resistant to hostile enchantments, very unstealthy
A: retaliatory headbutt, horns 2
a: Evolution, Sunlight, Growth, Reproduction, Rain, Renounce Religion, Evoke
Invisibility, Evoke Flight


You were on level 15 of the Dungeon.
You worshipped Fedhas.
Fedhas was exalted by your worship.
You were hungry.

You visited 4 branches of the dungeon, and saw 27 of its levels.
You also visited: Labyrinth and Bailey.

You collected 2999 gold pieces.
You spent 91 gold pieces at shops.


Innate Abilities, Weirdness & Mutations

You reflexively headbutt those who attack you in melee.
You have a pair of horns on your head.


   Skills:
 - Level 12.3 Fighting
 - Level 20.0 Axes
 - Level 9.0 Armour
 - Level 9.0 Dodging
   Level 2.4 Shields
 - Level 11.3 Invocations
 + Level 10.0 Evocations


You had 6 spell levels left.
You knew the following spells:

 Your Spells              Type           Power        Failure   Level  Hunger
c - Spectral Weapon       Hex/Chrm       #.......     92%         3    ####...
d - Repel Missiles        Chrm/Air       #.....       61%         2    ###....
g - Regeneration          Chrm/Necr      #.........   92%         3    ####...

Inventory:

Hand weapons
 a - a +8 battleaxe of electrocution (weapon)
Missiles
 Q - 8 javelins (quivered)
Armour
 o - a +2 hat (worn)
 I - a +2 pair of gloves (worn)
 P - the +3 ring mail of Greod (worn) {+Inv +Fly Str+4 Dex+4}
   (You found it on level 8 of the Lair of Beasts)

   It affects your strength (+4).
   It affects your dexterity (+4).
   It lets you turn invisible.
   It lets you fly.
 Z - the +0 cloak "Thrigep" (worn) {rPois+ SInv}
   (You found it in a labyrinth)

   It protects you from poison.
   It enhances your eyesight.
Rods
 b - a +4 rod of ignition (14/14) {!a}
   (You took it off a minotaur in a labyrinth)
 c - a cursed +2 rod of destruction (9/9) {!a}
   (You found it in a labyrinth)
Jewellery
 d - an uncursed ring of ice
 y - a +2 ring of dexterity (left hand)
 L - a +2 ring of protection (right hand)
 O - an amulet of warding (around neck)
 T - an uncursed ring of teleportation
Magical devices
 l - a wand of cold (11)
 v - a wand of digging (0)
 z - a wand of slowing (16)
 A - a wand of paralysis (2)
Scrolls
 e - a scroll of identify
 g - 7 scrolls of remove curse
 j - 11 scrolls of enchant armour
 p - 10 scrolls of teleportation
 B - 3 scrolls of fog
 C - 2 scrolls of magic mapping
 D - 3 scrolls of recharging
 K - 2 scrolls of fear
 R - 4 scrolls of blinking
Potions
 k - 2 potions of agility
 r - 7 potions of haste
 s - 2 potions of cancellation
 t - 7 potions of curing
 u - 2 potions of heal wounds
 w - 3 potions of invisibility
 x - a potion of magic
 E - 2 potions of might
 G - 3 potions of restore abilities
Comestibles
 f - 8 bread rations
 h - 9 slices of pizza
 J - 42 fruits {!e}

,,,,,,,,,∩,,...,,** #....*,,,
,,,,,,,,,.u......* #....#,,,
*,,,,,,,..u.....,* #....+,,,
*,,,,,,.........,* #....#,,,
+,,,,,.....uu..,*########....#+##
*,,,,,......u..**#...............
*,,,,,........#* #...............
*,,,,.......uu####...............
*,,,,,,,***##uuuH................
+,,,,,,,* #..####...............
*,,,,,,,***#.....................
****+**#..........#+##.......#'##
*,,,,,,+....D.....+,,#.......+...
*,,,,,,#..........#,,#...........
+,,,,,,#....##+####,,+..........^
**+*****....*,,,,**+*#...........
*,,,,,,,,...*,,,,**,,#....._..+##


You could see a white very ugly thing and 4 ugly things.


Message History

Your Evocations skill increases to level 10!
You slash the white very ugly thing!
The white very ugly thing is lightly wounded.
You hit the white very ugly thing.
There is a sudden explosion of sparks!
The white very ugly thing is moderately wounded.
You hear the faint crackling of a melting archway nearby.
The white very ugly thing misses you. You furiously retaliate!
You headbutt the white very ugly thing! You slash the white very ugly thing!
The white very ugly thing is heavily wounded.
The white ugly thing basks in the mutagenic energy from its kin and changes!
The white very ugly thing tentacle-slaps you!
The white very ugly thing freezes you!!!
You slash the white very ugly thing!
There is a sudden explosion of sparks!
You headbutt the white very ugly thing, but do no damage.
The white very ugly thing is severely wounded.
The white very ugly thing tentacle-slaps you!
The white very ugly thing freezes you!!!
* * * LOW HITPOINT WARNING * * *
You slash the white very ugly thing!
You headbutt the white very ugly thing, but do no damage.
The white very ugly thing is almost dead.
You closely miss the white very ugly thing.
The white very ugly thing is almost dead.
The white ugly thing basks in the mutagenic energy from its kin and changes!
The white very ugly thing tentacle-slaps you.
* * * LOW HITPOINT WARNING * * *
The white very ugly thing freezes you!!
You die...
Fedhas appreciates your contribution to the ecosystem.

Action                   |  1- 3 |  4- 6 |  7- 9 | 10-12 | 13-15 || total
-------------------------+-------+-------+-------+-------+-------++-------
Melee: Hand axe          |    70 |   215 |   331 |   112 |       ||   728
       Battleaxe         |       |       |       |   254 |  1213 ||  1467
 Fire: Blowgun           |       |       |     5 |     1 |       ||     6
Throw: Stone             |     2 |     3 |     6 |       |       ||    11
       Javelin           |     2 |     9 |    24 |       |       ||    35
       Tomahawk          |       |     2 |     5 |       |       ||     7
Invok: Evolution         |       |       |     1 |     3 |    19 ||    23
Evoke: Wand              |       |       |    16 |       |    19 ||    35
       Rod               |       |       |       |       |     7 ||     7
  Use: Scroll            |     6 |     8 |     4 |     7 |    21 ||    46
       Potion            |       |     1 |       |     7 |     2 ||    10
 Stab: Sleeping          |       |     1 |       |       |     1 ||     2
       Confused          |       |       |       |     1 |     7 ||     8
       Distracted        |       |       |       |       |     3 ||     3
       Paralysed         |       |       |       |       |     3 ||     3
  Eat: Chunk             |     1 |     9 |     9 |     8 |    33 ||    60
       Bread ration      |       |       |     1 |     1 |     3 ||     5
       Pizza             |       |       |       |     1 |     1 ||     2
       Royal jelly       |       |       |       |       |     1 ||     1

Vault maps used:
D:1:      dpeg_arrival_rooms_c
D:2:      lemuel_zombie_altar_kikubaaqudgha, first_bread
D:3:      minmay_bisected
D:4:      minmay_temple_entry_overgrown, nemelex_diamond_rough_becter
D:5:      serial_shops, nicolae_shop_waterfront, st_stairs_14, uniq_edmund
D:6:      uniq_sigmund
D:7:      nicolae_ru_sacrificial_ziggurat, uniq_iyjb
D:8:      hangedman_ranch, nicolae_elemental_shop
D:9:      erik_lair_boring, serial_shops, kennysheep_little_box,
          nemelex_lonely_heart_becter
D:10:     enter_bailey_2, nicolae_qazlal_general_emergency, uniq_urug
D:11:     erik_orc_3, led_sif_book, uniq_nergalle
D:12:     serial_bayou, serial_bayou_pond_d, serial_bayou_crossing,
          serial_bayou_shore_b, serial_bayou_pond_c, serial_bayou_pond_e,
          serial_bayou_pond_e, serial_shops, shop, nicolae_shop_behind_doors,
          kennysheep_mini_moat, shop, minmay_hedge_maze
D:13:     grunt_vaults_entry_tiered, uniq_sonja, uniq_fannar
D:15:     hangedman_depths_entry_try_elsewhere_first,
          portal_ice_cave_entry_ugly_swarm, minmay_misc_feat_alley, basic_altar,
          uniq_azrael
Temple:   kilobyte_greek_temple_18
Lair:1:   beast_lair_carwin_large_3, minivault_11, uniq_harold
Lair:2:   lab_entry_generic, uniq_erica
Lair:4:   minmay_swamp_entry_reptiles, spider_nest_entry_webs
Lair:5:   beast_lair_carwin_6, serial_bayou_shore_b
Lair:6:   minmay_slime_entry_pillars, basic_altar, st_stairs_5, wad_woods_04,
          lemuel_fruit_fields
Lair:7:   grunt_forest_large_clearings
Lair:8:   hangedman_lair_tendril_chambers, serial_bayou_shore_a
Orc:1:    nicolae_for_you_no_charge, uniq_maurice, uniq_duvessa
Orc:3:    nicolae_orc_pool_cavern
Orc:4:    grunt_orc_tribal_feast, serial_shops, nicolae_shop_crystal,
          hangedman_minor_magic
Lab:      labyrinth_watery, nicolae_lab_diamond, lab_statue, nicolae_lab_garden
Bailey:   bailey_axe_minmay_hex_keep, bailey

Notes
Turn   | Place    | Note
--------------------------------------------------------------
     0 | D:1      | MackTheKnife, the Minotaur Wanderer, began the quest for the Orb.
     0 | D:1      | MackTheKnife set off with: a +2 hand axe, a potion of lignification {!q}, a +0 buckler, a +0 robe, a bread ration
     0 | D:1      | Reached XP level 1. HP: 24/24 MP: 1/1
   145 | D:1      | Reached skill level 2 in Axes
   202 | D:1      | Reached XP level 2. HP: 20/30 MP: 1/1
   367 | D:1      | Reached skill level 3 in Axes
   825 | D:1      | Reached XP level 3. HP: 37/37 MP: 2/2
  1010 | D:2      | Reached skill level 4 in Axes
  1573 | D:2      | Reached XP level 4. HP: 41/44 MP: 2/2
  1580 | D:2      | Found an ancient bone altar of Kikubaaqudgha.
  1949 | D:3      | Reached skill level 5 in Axes
  2220 | D:3      | Reached skill level 6 in Axes
  2220 | D:3      | Reached XP level 5. HP: 38/50 MP: 2/2
  2876 | D:4      | Reached skill level 7 in Axes
  3024 | D:4      | Found a sparkling altar of Nemelex Xobeh.
  3048 | D:4      | Found a staircase to the Ecumenical Temple.
  3085 | Temple   | Entered the Ecumenical Temple
  3125 | Temple   | Became a worshipper of Fedhas Madash
  3251 | D:4      | Reached XP level 6. HP: 45/57 MP: 3/3
  3620 | D:5      | Entered Level 5 of the Dungeon
  3702 | D:5      | Found Phu Plar's Food Boutique.
  3893 | D:5      | Reached skill level 8 in Axes
  4152 | D:5      | Reached skill level 9 in Axes
  4152 | D:5      | Reached XP level 7. HP: 16/63 MP: 3/3
  4370 | D:5      | Noticed Edmund
  4389 | D:5      | Killed Edmund
  4572 | D:6      | Reached skill level 10 in Axes
  4859 | D:6      | Noticed a yak
  4860 | D:6      | Noticed a yak
  4863 | D:6      | Noticed a yak
  4877 | D:6      | Killed a yak
  4881 | D:6      | a yak (ally) was killed
  4889 | D:6      | Killed a yak
  4889 | D:6      | Reached skill level 11 in Axes
  4889 | D:6      | Reached XP level 8. HP: 70/70 MP: 3/3
  5183 | D:6      | Acquired Fedhas' first power
  5198 | D:6      | Noticed Sigmund
  5220 | D:6      | Killed Sigmund
  5220 | D:6      | Reached skill level 12 in Axes
  5368 | D:6      | Reached skill level 1 in Dodging
  5567 | D:7      | Reached skill level 2 in Dodging
  5871 | D:7      | Reached skill level 7 in Fighting
  5871 | D:7      | Reached skill level 3 in Dodging
  5999 | D:7      | Found a sacrificial altar of Ru.
  6006 | D:7      | Noticed Ijyb
  6014 | D:7      | Killed Ijyb
  6145 | D:7      | Learned a level 3 spell: Spectral Weapon
  6149 | D:7      | Learned a level 3 spell: Regeneration
  6182 | D:7      | Reached XP level 9. HP: 68/80 MP: 4/4
  6541 | D:7      | Reached skill level 4 in Dodging
  7505 | D:7      | Reached skill level 8 in Fighting
  7550 | D:8      | Reached skill level 3 in Armour
  7567 | D:8      | Reached skill level 5 in Dodging
  7623 | D:8      | Reached skill level 4 in Armour
  7853 | D:8      | Reached skill level 5 in Armour
  7853 | D:8      | Reached skill level 6 in Dodging
  8100 | D:8      | Found Musite's Elemental Accessories.
  8148 | D:8      | Reached skill level 6 in Armour
  8157 | D:8      | Reached skill level 7 in Dodging
  8343 | D:8      | Noticed a two-headed hydra
  8360 | D:8      | Killed a two-headed hydra
  8360 | D:8      | Reached skill level 7 in Armour
  8360 | D:8      | Reached XP level 10. HP: 88/88 MP: 3/4
  8441 | D:8      | Upgraded the game from 0.16-a0-3625-g2624681 to 0.16-a0-3636-gf0307c9
  8791 | D:9      | Acquired Fedhas' second power
  8797 | D:9      | Reached skill level 8 in Dodging
  8964 | D:9      | Reached skill level 8 in Armour
  9442 | D:9      | Noticed Jessica
  9452 | D:9      | Killed Jessica
  9472 | D:9      | Found a sparkling altar of Nemelex Xobeh.
  9550 | D:9      | Found Birais' Book Emporium.
  9581 | D:9      | Identified a scroll of acquirement
  9831 | D:9      | Found a staircase to the Lair.
 10148 | D:9      | Reached skill level 9 in Armour
 10148 | D:9      | Reached skill level 9 in Dodging
 10336 | D:10     | Entered Level 10 of the Dungeon
 10352 | D:10     | Found a flagged portal.
 10372 | Bailey   | Entered a bailey
 10426 | Bailey   | Acquired Fedhas' third power
 10435 | Bailey   | Reached skill level 13 in Axes
 10602 | Bailey   | Noticed an orc warlord
 10857 | D:10     | Reached skill level 16 in Axes
 10857 | D:10     | Reached XP level 11. HP: 89/94 MP: 4/4
 11020 | D:10     | Reached XP level 12. HP: 90/101 MP: 5/5
 11252 | D:10     | Acquired Fedhas' fourth power
 11273 | D:10     | Noticed Urug
 11276 | D:10     | Found a stormy altar of Qazlal.
 11329 | D:10     | Killed Urug
 11329 | D:10     | Reached skill level 17 in Axes
 11846 | Lair:1   | Entered Level 1 of the Lair of Beasts
 12293 | Lair:1   | Noticed Harold
 12300 | Lair:1   | Banished Harold
 12399 | Lair:1   | Reached skill level 12 in Fighting
 12399 | Lair:1   | Reached XP level 13. HP: 106/118 MP: 5/5
 12893 | Lair:1   | Noticed an eight-headed hydra
 12933 | Lair:1   | Killed an eight-headed hydra
 12933 | Lair:1   | Reached skill level 18 in Axes
 13688 | Lair:2   | Found a labyrinth entrance.
 13695 | Lab      | Entered a labyrinth
 14656 | Lab      | Identified Lehudib's Tome of Destructive Stones
 14657 | Lab      | Got a dazzling cloak
 14666 | Lab      | Got a faintly humming cloak
 14685 | Lab      | Identified the cursed -5 cloak of Terror {*Tele rElec Dex+4} (You found it in a labyrinth)
 14698 | Lab      | Identified the +0 cloak "Thrigep" {rPois+ SInv} (You found it in a labyrinth)
 14704 | Lair:2   | Noticed Erica
 14748 | Lair:2   | Killed Erica
 15754 | Lair:2   | Learned a level 2 spell: Repel Missiles
 15851 | Lair:3   | Reached skill level 19 in Axes
 16657 | Lair:4   | Found a staircase to the Swamp.
 16914 | Lair:4   | Found a hole to the Spider Nest.
 17253 | Lair:4   | Reached skill level 20 in Axes
 17578 | Lair:4   | Reached skill level 1 in Invocations
 17583 | Lair:4   | Reached skill level 2 in Invocations
 17880 | Lair:2   | Identified a +2 rod of destruction (9/9) (You found it in a labyrinth)
 17881 | Lair:2   | Identified a +4 rod of ignition (14/14) {!a} (You took it off a minotaur in a labyrinth)
 18059 | Lair:5   | Reached skill level 3 in Invocations
 18059 | Lair:5   | Reached XP level 14. HP: 119/126 MP: 10/12
 18150 | Lair:5   | Acquired Fedhas' fifth power
 18209 | Lair:5   | Reached skill level 4 in Invocations
 18442 | Lair:5   | Reached skill level 5 in Invocations
 19090 | Lair:6   | Reached skill level 6 in Invocations
 19102 | Lair:6   | Found a staircase to the Slime Pits.
 19303 | Lair:6   | Found a radiant altar of Vehumet.
 19355 | Lair:6   | Reached skill level 7 in Invocations
 19940 | Lair:2   | Got a smoking chain mail
 19951 | Lair:2   | Identified the +3 chain mail "Ecayst" {MR+ Str+4} (You acquired it on level 2 of the Lair of Beasts)
 20440 | Lair:7   | Reached skill level 8 in Invocations
 21104 | Lair:8   | Entered Level 8 of the Lair of Beasts
 21118 | Lair:8   | Reached skill level 9 in Invocations
 21383 | Lair:8   | Reached skill level 10 in Invocations
 21972 | Lair:8   | Reached skill level 11 in Invocations
 22228 | Lair:8   | Got a faintly humming ring mail
 22248 | Lair:8   | Identified the +3 ring mail of Greod {+Inv +Fly Str+4 Dex+4} (You found it on level 8 of the Lair of Beasts)
 22289 | Lair:8   | Reached skill level 1 in Evocations
 22446 | Lair:8   | Reached skill level 2 in Evocations
 22592 | Lair:8   | Reached skill level 3 in Evocations
 23098 | D:11     | Reached skill level 4 in Evocations
 23132 | D:11     | Noticed Nergalle
 23141 | D:11     | Killed Nergalle
 23206 | D:11     | Reached skill level 5 in Evocations
 23213 | D:11     | Reached XP level 15. HP: 129/133 MP: 26/26
 23219 | D:11     | Found a staircase to the Orcish Mines.
 23490 | D:11     | Found a deep blue altar of Sif Muna.
 23823 | Orc:1    | Entered Level 1 of the Orcish Mines
 23823 | Orc:1    | Found Stoenyec's Quality Used Wands.
 23833 | Orc:1    | Reached skill level 6 in Evocations
 23851 | Orc:1    | Noticed Maurice
 23857 | Orc:1    | Killed Maurice
 23879 | Orc:1    | Noticed Duvessa
 23880 | Orc:1    | Noticed Dowan
 23885 | Orc:1    | Killed Duvessa
 23886 | Orc:1    | Killed Dowan
 25262 | Orc:4    | Entered Level 4 of the Orcish Mines
 25301 | Orc:4    | Found Ytait's Book Shop.
 25335 | Orc:4    | Reached skill level 7 in Evocations
 25337 | Orc:4    | Noticed Blork the orc
 25346 | Orc:4    | Killed Blork the orc
 25479 | Orc:4    | Found a staircase to the Elven Halls.
 26118 | Orc:4    | Reached skill level 8 in Evocations
 26316 | Orc:4    | Found Eraufuv's Food Emporium.
 26331 | Orc:4    | Found Hepiakau's Book Boutique.
 26334 | Orc:4    | Found Jedeocw's Armour Emporium.
 26335 | Orc:4    | Found Smaanar's Book Boutique.
 26708 | D:12     | Found Kliabrib's Antique Weapon Shop.
 26770 | D:12     | Found Noutuo's Assorted Antiques.
 26773 | D:12     | Bought a scroll of magic mapping for 91 gold pieces
 27022 | D:12     | Reached skill level 9 in Evocations
 27065 | D:12     | Found Usoumyhas' Antique Weapon Shoppe.
 27090 | D:12     | Found Skodasus' Food Shop.
 27616 | D:13     | Noticed Sonja
 27639 | D:13     | Killed Sonja
 27670 | D:13     | You fall through a shaft for 2 floors!
 27670 | D:15     | Entered Level 15 of the Dungeon
 27681 | D:15     | Found a shattered altar of Ashenzari.
 27722 | D:15     | Reached skill level 10 in Evocations
 27728 | D:15     | Mangled by a white very ugly thing

Vanquished Creatures
  A minotaur (Lab)
  2 hydras
  A tengu warrior (D:13)
  Urug (D:10)
  3 orc high priests (Orc:4)
  Nergalle (D:11)
  An ice devil (Orc:4)
  An unseen horror (D:11)
  A hill giant (D:11)
  4 orc knights (Orc:4)
  A wolf spider (Lair:8)
  2 griffons (Lair:6)
  A sixfirhy (Orc:4)
  2 hornets
  5 orc sorcerers
  3 elephants (Lair:3)
  A manticore (D:11)
  Maurice (Orc:1)
  4 ugly things (D:15)
  A centaur zombie (D:11)
  9 black mambas
  2 gargoyles
  19 spiny frogs
  9 komodo dragons
  A troll (D:9)
  2 fire drakes
  A polar bear (Lair:6)
  Sonja (D:13)
  A two-headed ogre (Orc:3)
  A baby alligator (Lair:4)
  A boulder beetle (Lair:8)
  18 blink frogs
  6 slime creatures
  4 ravens (D:13)
  2 basilisks
  A shadow (D:12)
  4 trapdoor spiders
  A wyvern (D:10)
  46 yaks
  4 deep elf magi
  9 hippogriffs
  A steam dragon (D:9)
  2 hungry ghosts
  15 wolves
  A warg (Orc:4)
  19 water moccasins
  Edmund (D:5)
  A swamp drake (Orc:4)
  3 sky beasts
  7 porcupines
  A necrophage (D:7)
  3 spiders (Lair:8)
  3 ice beasts
  33 orc warriors
  2 wasps (Lair:8)
  An eye of draining (D:13)
  6 ogres
  2 phantoms
  13 crocodiles
  Sigmund (D:6)
  Duvessa (Orc:1)
  5 centaurs
  6 big kobolds
  17 giant frogs
  4 boring beetles (D:9)
  Blork the orc (Orc:4)
  A wyvern zombie (D:11)
  3 scorpions
  4 wights (D:12)
  3 goliath beetles
  3 electric eels
  Dowan (Orc:1)
  6 crimson imps
  2 giant frog zombies
  12 hounds
  8 jellies
  A quasit (D:11)
  A giant frog skeleton (D:10)
  34 orc wizards
  30 orc priests
  2 centaur skeletons
  An iron imp (Orc:4)
  13 iguanas
  11 worker ants
  31 sheep
  Ijyb (D:7)
  Jessica (D:9)
  3 hound skeletons
  3 hound zombies
  3 mummies
  A worker ant zombie (D:6)
  36 adders
  12 gnolls (Bailey)
  26 river rats
  5 shadow imps
  2 giant mites
  2 worms (D:2)
  A white imp (Orc:4)
  4 adder skeletons
  4 giant geckos
  An ooze (D:1)
  176 orcs
  21 bats
  2 bat zombies (D:2)
  41 goblins
  24 hobgoblins
  10 jackals
  28 kobolds
  13 quokkas
  9 giant cockroaches
  A giant gecko skeleton (D:7)
  3 giant newts
  15 rats
  2 rat skeletons (Orc:4)
  A rat zombie (D:2)
946 creatures vanquished.

Vanquished Creatures (collateral kills)
  6 hydras
  Erica (Lair:2)
  A hornet (Lair:8)
  A wolf spider (Lair:8)
  A guardian serpent (Lair:8)
  A black mamba (Lair:8)
  2 elephants (Lair:3)
  3 spiny frogs (Lair:8)
  7 blink frogs
  A two-headed ogre (D:9)
  2 wolves (Lair:8)
  6 yaks
  A wandering mushroom (Bailey)
  2 spiders (Lair:8)
  A water moccasin (Lair:8)
  2 porcupines
  An orc priest (Orc:4)
  2 worker ants (Lair:8)
  A river rat (Lair:3)
  An adder (Lair:8)
  An orc (Bailey)
  2 goblins
  2 toadstools (Bailey)
48 creatures vanquished.

Vanquished Creatures (others)
  3 oklob plants
  2 spiny frogs (Lair:1)
  A komodo dragon (Lair:1)
  A baby alligator (Lair:4)
  A two-headed ogre (D:10)
  A trapdoor spider (Lair:4)
  2 yaks
  2 orc warriors (Bailey)
  2 orc wizards (D:6)
  An iguana (Lair:1)
  A mummy (D:11)
  5 orcs (Orc:4)
  2 giant spores
  12 wandering mushrooms
  2 ballistomycetes (D:9)
  8 fungi
  14 plants
  710 toadstools
770 creatures vanquished.

Grand Total: 1764 creatures vanquished
